[Event "CZE-ch 2020"]
[Site "Pilsen"]
[Date "2020.08.23"]
[Round "1.25"]
[White "Vorisek, Jaroslav"]
[Black "Vojta, Jakub"]
[Result "1/2-1/2"]
[ECO "D20"]
[WhiteElo "2279"]
[BlackElo "2093"]
[Annotator "ChessBase"]
[PlyCount "98"]
[EventDate "2020.08.23"]
[EventType "swiss"]
[EventCountry "CZE"]
[SourceTitle "playchess.com"]
[Source "ChessBase"]
[SourceQuality "1"]
[TimeControl "40/5400+30:1800+30"]

1. d4 d5 2. c4 dxc4 3. e3 Nf6 4. Bxc4 e6 5. Nf3 a6 6. O-O b5 7. Be2 Bb7 8. a4 b4 9. b3 Nbd7 10. Nbd2 c5 11. Nc4 Be7 12. Bb2 O-O 13. Rc1 Ne4 14. Qc2 Ndf6 15. Rfd1 Qc7 16. Nfe5 Rac8 17. f3 Nd6 18. e4 Rfd8 19. Ne3 Nde8 20. d5 exd5 21. exd5 c4 22. bxc4 Bc5 23. Qb3 Qb6 24. Kf2 Nd6 25. a5 Qa7 26. g4 Re8 27. Rd3 Bxd5 28. cxd5 Bxe3+ 29. Rxe3 Rxc1 30. Bxc1 Rxe5 31. Qxb4 Rxd5 32. Qb6 Qa8 33. Qb4 h5 34. Bb2 h4 35. Be5 Nb5 36. Bxf6 gxf6 37. Qe4 Nd6 38. Qf4 Kg7 39. Rd3 Qa7+ 40. Kf1 Qc5 41. Rxd5 Qxd5 42. Bxa6 Nb5 43. Qe4 Qd1+ 44. Kg2 h3+ 45. Kxh3 Qf1+ 46. Kg3 Qg1+ 47. Kh3 Qf1+ 48. Kg3 Qg1+ 49. Kh3 Qf1+ 1/2-1/2

[Event "CZE-ch 2020"]
[Site "Pilsen"]
[Date "2020.08.23"]
[Round "1.26"]
[White "Malinovsky, Petr"]
[Black "Stalmach, Richard"]
[Result "0-1"]
[ECO "E80"]
[WhiteElo "2081"]
[BlackElo "2273"]
[Annotator "ChessBase"]
[PlyCount "70"]
[EventDate "2020.08.23"]
[EventType "swiss"]
[EventCountry "CZE"]
[SourceTitle "playchess.com"]
[Source "ChessBase"]
[SourceQuality "1"]
[TimeControl "40/5400+30:1800+30"]

1. d4 Nf6 2. c4 g6 3. f3 Bg7 4. e4 d6 5. Nc3 Nbd7 6. Be3 e5 7. d5 Nh5 8. Nge2 O-O 9. g4 Nf4 10. Nxf4 exf4 11. Bxf4 f5 12. gxf5 gxf5 13. Qd2 Qh4+ 14. Bg3 Qf6 15. O-O-O f4 16. Bf2 Ne5 17. Be2 a6 18. Rdg1 Bh3 19. Kb1 Kh8 20. c5 b5 21. Nd1 a5 22. c6 b4 23. Be1 Rfb8 24. Nf2 Bc8 25. Rg2 a4 26. Rhg1 Ng6 27. Rg5 a3 28. e5 b3 29. exf6 bxa2+ 30. Ka1 Bxf6 31. Nd1 axb2+ 32. Nxb2 Rxb2 33. Qxb2 Bxb2+ 34. Kxb2 a1=Q+ 35. Kc2 Ra2+ 0-1

[Event "CZE-ch 2020"]
[Site "Pilsen"]
[Date "2020.08.23"]
[Round "1.27"]
[White "Riha, Vojtech"]
[Black "Kopriva, Martin"]
[Result "0-1"]
[ECO "B06"]
[WhiteElo "2270"]
[BlackElo "2079"]
[Annotator "ChessBase"]
[PlyCount "88"]
[EventDate "2020.08.23"]
[EventType "swiss"]
[EventCountry "CZE"]
[SourceTitle "playchess.com"]
[Source "ChessBase"]
[SourceQuality "1"]
[TimeControl "40/5400+30:1800+30"]

1. e4 g6 2. d4 Bg7 3. Nc3 d6 4. f4 Nc6 5. Nf3 Bg4 6. Be3 Bxf3 7. gxf3 d5 8. Bb5 e6 9. f5 gxf5 10. exd5 exd5 11. Qd3 Nge7 12. Bg5 Qd6 13. Bxe7 Qxe7+ 14. Kf1 O-O-O 15. Bxc6 bxc6 16. Rg1 Rhg8 17. Re1 Qh4 18. Qxf5+ Kb8 19. Qg4 Qxh2 20. Re2 Qh6 21. Nd1 f5 22. Qg5 Bxd4 23. Qxg8 Rxg8 24. Rxg8+ Kb7 25. Nf2 Qh2 26. c3 Bb6 27. Rg1 Qf4 28. Kg2 h5 29. Rh1 h4 30. Rh3 a6 31. a3 a5 32. Kf1 Qc1+ 33. Kg2 Qg5+ 34. Kf1 Be3 35. Rh1 c5 36. Nd3 c4 37. Ne1 h3 38. Reh2 Bc1 39. Rc2 Bd2 40. Rg1 Qe3 41. Rxd2 Qxd2 42. Rh1 h2 43. Ng2 Qc1+ 44. Ne1 Qxb2 0-1

[Event "CZE-ch 2020"]
[Site "Pilsen"]
[Date "2020.08.23"]
[Round "1.28"]
[White "Joukl, Zdenek"]
[Black "Brejnik, Gustav"]
[Result "0-1"]
[ECO "D02"]
[WhiteElo "2062"]
[BlackElo "2265"]
[Annotator "ChessBase"]
[PlyCount "146"]
[EventDate "2020.08.23"]
[EventType "swiss"]
[EventCountry "CZE"]
[SourceTitle "playchess.com"]
[Source "ChessBase"]
[SourceQuality "1"]
[TimeControl "40/5400+30:1800+30"]

1. d4 Nf6 2. Nf3 d5 3. Bf4 c5 4. e3 Nc6 5. c3 Bf5 6. Bd3 Bxd3 7. Qxd3 e6 8. Nbd2 Be7 9. h3 O-O 10. O-O a6 11. a4 c4 12. Qc2 b5 13. e4 Qb6 14. Rfe1 Rfc8 15. Ne5 Bf8 16. exd5 exd5 17. Qf5 Ne7 18. Nd7 Nxd7 19. Qxd7 Rd8 20. Bc7 Qb7 21. Qxd8 Rxd8 22. Bxd8 Nc6 23. Bg5 bxa4 24. Rxa4 f6 25. Be3 Bd6 26. Ra2 Qb5 27. Rea1 a5 28. g3 g5 29. Kg2 Kf7 30. f4 gxf4 31. Bxf4 Bxf4 32. gxf4 Qb8 33. Rf1 Qg8+ 34. Kh2 Qg6 35. Rf2 Qd3 36. Kg2 h5 37. Ra1 h4 38. Nf3 Qg6+ 39. Kf1 Qg3 40. Ng1 Qd3+ 41. Kg2 Qg3+ 42. Kf1 Qd3+ 43. Kg2 Ne7 44. Rxa5 Nf5 45. Ra7+ Kf8 46. Ra8+ Kg7 47. Re8 Nxd4 48. Re7+ Kf8 49. Re1 Nc2 50. Ree2 Qg3+ 51. Kh1 Ne1 52. Rf1 Nd3 53. Rf3 Qg6 54. f5 Qh6 55. Rfe3 Nf2+ 56. Rxf2 Qxe3 57. Kg2 Qg3+ 58. Kf1 Qd3+ 59. Kg2 Ke7 60. Re2+ Kd7 61. Rf2 Kd6 62. Ne2 Qe4+ 63. Kh2 Qc2 64. Kg2 Qxb2 65. Nd4 Qc1 66. Ne2 Qg5+ 67. Kf1 Kc5 68. Rf3 Qd2 69. Kf2 Kd6 70. Rf4 Ke5 71. Rf3 Ke4 72. Rf4+ Qxf4+ 73. Nxf4 Kxf4 0-1

[Event "CZE-ch 2020"]
[Site "Pilsen"]
[Date "2020.08.23"]
[Round "1.29"]
[White "Klement, Lukas"]
[Black "Hlozek, David"]
[Result "1-0"]
[ECO "B91"]
[WhiteElo "2260"]
[BlackElo "2037"]
[Annotator "ChessBase"]
[PlyCount "79"]
[EventDate "2020.08.23"]
[EventType "swiss"]
[EventCountry "CZE"]
[SourceTitle "playchess.com"]
[Source "ChessBase"]
[SourceQuality "1"]
[TimeControl "40/5400+30:1800+30"]

1. e4 c5 2. Nf3 d6 3. d4 cxd4 4. Nxd4 Nf6 5. Nc3 a6 6. g3 e5 7. Nde2 Be7 8. Bg2 Nbd7 9. a4 Qc7 10. O-O b6 11. Nd5 Nxd5 12. Qxd5 Bb7 13. Qd3 O-O 14. c4 Nc5 15. Qc2 Rac8 16. Nc3 Ne6 17. b3 Nd4 18. Qd1 Bc6 19. Be3 Ne6 20. Rc1 Qb7 21. Nd5 Bxd5 22. cxd5 Nc5 23. b4 Nd7 24. Qd3 a5 25. Qb5 axb4 26. Rc6 Rb8 27. Rb1 Nc5 28. Rxb4 Qa7 29. f4 f6 30. Bh3 Rfd8 31. Qc4 Rb7 32. Bxc5 bxc5 33. Rxb7 Qxb7 34. Qb5 Qxb5 35. axb5 Rb8 36. b6 Kf8 37. Bc8 Ke8 38. b7 Kf7 39. f5 g6 40. Be6+ 1-0

[Event "CZE-ch 2020"]
[Site "Pilsen"]
[Date "2020.08.23"]
[Round "1.30"]
[White "Turner, Radek"]
[Black "Svanda, Ondrej"]
[Result "0-1"]
[ECO "A20"]
[WhiteElo "2024"]
[BlackElo "2250"]
[Annotator "ChessBase"]
[PlyCount "60"]
[EventDate "2020.08.23"]
[EventType "swiss"]
[EventCountry "CZE"]
[SourceTitle "playchess.com"]
[Source "ChessBase"]
[SourceQuality "1"]
[TimeControl "40/5400+30:1800+30"]

1. c4 e5 2. g3 Nf6 3. Bg2 c6 4. d4 e4 5. Nc3 d5 6. cxd5 cxd5 7. Qb3 Nc6 8. Bg5 Be6 9. Rd1 Be7 10. Nh3 Qd7 11. Nf4 Na5 12. Qc2 Rc8 13. Nxe6 fxe6 14. a3 O-O 15. O-O h6 16. Bf4 Nc4 17. Qb3 Rc6 18. Na4 Rfc8 19. Bd2 Ra6 20. Nc5 Bxc5 21. dxc5 Nxd2 22. Rxd2 Rxc5 23. Qe3 Qc7 24. Bh3 Rb6 25. Rfd1 e5 26. g4 d4 27. Qg3 e3 28. fxe3 Ne4 29. Qf3 Nxd2 30. Rxd2 Rf6 0-1

[Event "CZE-ch 2020"]
[Site "Pilsen"]
[Date "2020.08.23"]
[Round "1.31"]
[White "Zeman, Matyas"]
[Black "Kures, Michael"]
[Result "1-0"]
[ECO "A48"]
[WhiteElo "2250"]
[BlackElo "2019"]
[Annotator "ChessBase"]
[PlyCount "103"]
[EventDate "2020.08.23"]
[EventType "swiss"]
[EventCountry "CZE"]
[SourceTitle "playchess.com"]
[Source "ChessBase"]
[SourceQuality "1"]
[TimeControl "40/5400+30:1800+30"]

1. Nf3 Nf6 2. d4 g6 3. Nbd2 Bg7 4. e4 d6 5. Bd3 O-O 6. O-O Nbd7 7. Re1 e5 8. c3 Nh5 9. Nc4 Nf4 10. Bc2 Nb6 11. Ne3 Qe7 12. a4 a5 13. b3 h5 14. dxe5 dxe5 15. Nd5 Nbxd5 16. exd5 Qf6 17. Be4 g5 18. Ba3 Rd8 19. c4 Bf5 20. Qc2 Bxe4 21. Qxe4 Re8 22. Rad1 g4 23. Nd2 Rad8 24. Nf1 Qg5 25. Ne3 b6 26. Nf5 Bf8 27. Bxf8 Kxf8 28. Re3 Ng6 29. Rde1 Kg8 30. h3 Ne7 31. hxg4 hxg4 32. Qxg4 Qxg4 33. Nh6+ Kg7 34. Nxg4 f6 35. Rf3 Rf8 36. Ne3 f5 37. Nc2 Ng6 38. Rfe3 Rh8 39. g3 Rh5 40. Rxe5 Nxe5 41. Rxe5 Rd7 42. Nd4 Rf7 43. g4 Rg5 44. Nxf5+ Kf8 45. f3 Rg6 46. Kg2 Rg5 47. Kg3 Rh7 48. f4 Rg6 49. Re1 Rf7 50. Nd4 Re7 51. Ne6+ Kg8 52. f5 1-0

[Event "CZE-ch 2020"]
[Site "Pilsen"]
[Date "2020.08.23"]
[Round "1.32"]
[White "Benes, Miroslav"]
[Black "Freisler, Pavel"]
[Result "0-1"]
[ECO "A53"]
[WhiteElo "2011"]
[BlackElo "2249"]
[Annotator "ChessBase"]
[PlyCount "88"]
[EventDate "2020.08.23"]
[EventType "swiss"]
[EventCountry "CZE"]
[SourceTitle "playchess.com"]
[Source "ChessBase"]
[SourceQuality "1"]
[TimeControl "40/5400+30:1800+30"]

1. d4 Nf6 2. c4 d6 3. Nc3 Nbd7 4. e4 e5 5. Nf3 Be7 6. Be2 O-O 7. O-O c6 8. Be3 Ng4 9. Bc1 a6 10. h3 Ngf6 11. dxe5 dxe5 12. Qc2 Qc7 13. Na4 Nc5 14. Nxc5 Bxc5 15. Bd2 a5 16. Bc3 Re8 17. Nd2 Be6 18. b3 Rad8 19. a3 Bd4 20. b4 Bxc3 21. Qxc3 Rd4 22. Bf3 Red8 23. Rfd1 c5 24. Kh2 h6 25. bxa5 R8d7 26. Qc2 Qd8 27. Nb3 Rxc4 28. Rxd7 Qxd7 29. Qb2 Qd3 30. Rc1 Rxc1 31. Nxc1 Qa6 32. Qxe5 Qxa5 33. Qb8+ Kh7 34. Qxb7 Qxa3 35. Qb1 g6 36. e5 Nd7 37. Ne2 Nxe5 38. Be4 c4 39. f4 Nd3 40. f5 gxf5 41. Bxd3 cxd3 42. Nf4 Qd6 43. g3 d2 44. Qd1 Bc4 0-1

[Event "CZE-ch 2020"]
[Site "Pilsen"]
[Date "2020.08.23"]
[Round "1.33"]
[White "Gloser, David"]
[Black "Laurincova, Kristyna"]
[Result "1/2-1/2"]
[ECO "A05"]
[WhiteElo "2248"]
[BlackElo "2008"]
[Annotator "ChessBase"]
[PlyCount "82"]
[EventDate "2020.08.23"]
[EventType "swiss"]
[EventCountry "CZE"]
[SourceTitle "playchess.com"]
[Source "ChessBase"]
[SourceQuality "1"]
[TimeControl "40/5400+30:1800+30"]

1. Nf3 Nf6 2. b3 g6 3. Bb2 Bg7 4. g3 O-O 5. Bg2 c5 6. c4 Nc6 7. O-O d6 8. d4 Ne4 9. e3 Bg4 10. h3 Bxf3 11. Bxf3 Ng5 12. Bxc6 bxc6 13. h4 Ne6 14. Qd2 a5 15. d5 Bxb2 16. Qxb2 cxd5 17. cxd5 Nc7 18. Nc3 Qb8 19. Qe2 Qb4 20. Rac1 Rfb8 21. Rfd1 Nb5 22. Na4 Na3 23. Nb2 Qe4 24. Nc4 Nxc4 25. Rxc4 Qe5 26. e4 Rb4 27. f4 Qh5 28. Qxh5 gxh5 29. Rdc1 Rab8 30. Rxb4 axb4 31. Kf2 Ra8 32. Rc2 Kg7 33. Ke3 Kf6 34. Kd3 Rg8 35. Rg2 e6 36. Kc4 Ke7 37. e5 Rg4 38. exd6+ Kxd6 39. dxe6 fxe6 40. Rd2+ Kc6 41. Re2 Kd6 1/2-1/2

[Event "CZE-ch 2020"]
[Site "Pilsen"]
[Date "2020.08.23"]
[Round "1.34"]
[White "Brozka, Karel"]
[Black "Novotny, Michal"]
[Result "0-1"]
[ECO "D52"]
[WhiteElo "1991"]
[BlackElo "2246"]
[Annotator "ChessBase"]
[PlyCount "94"]
[EventDate "2020.08.23"]
[EventType "swiss"]
[EventCountry "CZE"]
[SourceTitle "playchess.com"]
[Source "ChessBase"]
[SourceQuality "1"]
[TimeControl "40/5400+30:1800+30"]

1. d4 d5 2. c4 e6 3. Nc3 Nf6 4. Nf3 c6 5. Bg5 Nbd7 6. e3 Qa5 7. Bxf6 Nxf6 8. Bd3 Bb4 9. Qb3 dxc4 10. Bxc4 O-O 11. O-O Bxc3 12. bxc3 b6 13. Ne5 Bb7 14. a4 c5 15. f3 Nd5 16. Bxd5 exd5 17. e4 cxd4 18. cxd4 Rac8 19. exd5 Qxd5 20. Qxd5 Bxd5 21. Rfc1 Rfd8 22. Kf2 f6 23. Nd3 Rxc1 24. Rxc1 Bb3 25. Ke3 Rd7 26. Nb2 Kf7 27. Rc3 Bd5 28. Nd3 Ke7 29. Nf4 Bf7 30. h4 Kd6 31. g4 Be8 32. a5 bxa5 33. h5 a4 34. Kd3 Rb7 35. Ne2 Bb5+ 36. Kd2 Bxe2 37. Kxe2 Kd5 38. Kd2 Kxd4 39. Rd3+ Ke5 40. f4+ Ke4 41. Ra3 Rb2+ 42. Kc1 Rb4 43. g5 f5 44. g6 hxg6 45. hxg6 Kxf4 46. Rc3 Kg5 47. Rc6 Rb6 0-1

[Event "CZE-ch 2020"]
[Site "Pilsen"]
[Date "2020.08.23"]
[Round "1.35"]
[White "Nemec, Pavel"]
[Black "Nemcova, Karin"]
[Result "1/2-1/2"]
[ECO "B47"]
[WhiteElo "2243"]
[BlackElo "1983"]
[Annotator "ChessBase"]
[PlyCount "161"]
[EventDate "2020.08.23"]
[EventType "swiss"]
[EventCountry "CZE"]
[SourceTitle "playchess.com"]
[Source "ChessBase"]
[SourceQuality "1"]
[TimeControl "40/5400+30:1800+30"]

1. e4 c5 2. Nf3 e6 3. d4 cxd4 4. Nxd4 Nc6 5. Nc3 Qc7 6. Nxc6 bxc6 7. Bd3 Nf6 8. O-O d5 9. Qe2 Be7 10. e5 Nd7 11. Bf4 Nc5 12. Qg4 Nxd3 13. cxd3 g6 14. Rac1 Rb8 15. b3 g5 16. Be3 h5 17. Qg3 Rg8 18. f4 g4 19. Qf2 a5 20. Na4 g3 21. hxg3 Ba6 22. Rfd1 Rg4 23. Nc5 Bc8 24. Qf3 f5 25. Bf2 Bf8 26. Kh2 Bh6 27. Rh1 Qg7 28. Kg1 Qg6 29. Be1 Ra8 30. Kf2 Ra7 31. Rh4 Bxf4 32. Rxg4 fxg4 33. Qxf4 Rf7 34. Bd2 Rf5 35. Ke2 Rxf4 36. Bxf4 Qf7 37. Rh1 d4 38. Ne4 Kd8 39. Nf6 Kc7 40. Rxh5 Kb6 41. Rh8 Ba6 42. Rd8 Qe7 43. Rd6 Bc8 44. Nxg4 Qh7 45. Nf2 Qh2 46. Rxd4 Qxg2 47. Be3 Kc7 48. g4 Bd7 49. Bd2 a4 50. Rxa4 c5 51. Rc4 Qd5 52. Be3 Qa8 53. Rxc5+ Bc6 54. a4 Qb7 55. Rc3 Qb4 56. Ne4 Kb7 57. Nc5+ Ka8 58. Rc4 Qa3 59. Rc2 Qb4 60. g5 Qg4+ 61. Kd2 Qg2+ 62. Kc3 Qg3 63. Bd4 Bd5 64. Rf2 Kb8 65. Na6+ Kc8 66. Nb4 Qxg5 67. Nxd5 exd5 68. Rc2 Kb7 69. b4 Qh4 70. b5 Qe1+ 71. Kb3 Qd1 72. Bc3 Qxd3 73. Rd2 Qc4+ 74. Kb2 Qxa4 75. Rxd5 Qc4 76. Rd4 Qe2+ 77. Ka3 Kb6 78. Rb4 Qd3 79. Rb3 Qd5 80. Ka2 Qe4 81. Ka3 1/2-1/2

[Event "CZE-ch 2020"]
[Site "Pilsen"]
[Date "2020.08.23"]
[Round "1.36"]
[White "Janous, Marek"]
[Black "Kusa, Jakub"]
[Result "0-1"]
[ECO "C56"]
[WhiteElo "1968"]
[BlackElo "2239"]
[Annotator "ChessBase"]
[PlyCount "162"]
[EventDate "2020.08.23"]
[EventType "swiss"]
[EventCountry "CZE"]
[SourceTitle "playchess.com"]
[Source "ChessBase"]
[SourceQuality "1"]
[TimeControl "40/5400+30:1800+30"]

1. e4 e5 2. Nf3 Nc6 3. d4 exd4 4. Bc4 Nf6 5. O-O Nxe4 6. Re1 d5 7. Bxd5 Qxd5 8. Nc3 Qd7 9. Nxe4 Be7 10. Bg5 O-O 11. Bxe7 Qxe7 12. Nxd4 Nxd4 13. Qxd4 b6 14. Ng3 Be6 15. Qe5 Rfe8 16. Re3 f6 17. Qc3 Qf7 18. Rae1 Rad8 19. h3 c5 20. a4 Bd5 21. a5 Rxe3 22. Qxe3 Bc6 23. axb6 axb6 24. Nf5 Re8 25. Qd2 Rxe1+ 26. Qxe1 Kf8 27. Qd2 Qd5 28. Qxd5 Bxd5 29. Ne3 Be6 30. Kf1 g5 31. g4 Ke7 32. Kg2 Kd6 33. c3 Ke5 34. f3 b5 35. Kg3 b4 36. Nf1 f5 37. Nd2 Bd5 38. Nf1 f4+ 39. Kf2 Bc4 40. Nd2 Bd3 41. Kg2 bxc3 42. bxc3 c4 43. Kh2 Kd5 44. Kg2 Kc5 45. h4 h6 46. hxg5 hxg5 47. Kf2 Kb5 48. Ke1 Ka4 49. Kf2 Ka3 50. Kg2 Kb2 51. Ne4 Bxe4 52. fxe4 Kxc3 53. e5 Kd2 54. e6 c3 55. e7 c2 56. e8=Q c1=Q 57. Qe5 Kd1 58. Kf1 Qc4+ 59. Kf2 Qa2+ 60. Kf1 Qa6+ 61. Kf2 Qb6+ 62. Kf1 Qd8 63. Qa1+ Kd2 64. Qb2+ Kd3 65. Qe2+ Kc3 66. Qe5+ Kc4 67. Qe4+ Qd4 68. Qc2+ Kb4 69. Qb1+ Kc3 70. Qc1+ Kd3 71. Qd1+ Ke4 72. Qe2+ Qe3 73. Qc4+ Kf3 74. Qd5+ Kg3 75. Qg2+ Kh4 76. Qd5 Qh3+ 77. Kg1 Qxg4+ 78. Kh2 f3 79. Qd2 Qg2+ 80. Qxg2 fxg2 81. Kxg2 Kg4 0-1

[Event "CZE-ch 2020"]
[Site "Pilsen"]
[Date "2020.08.23"]
[Round "1.37"]
[White "Jurek, Josef"]
[Black "Paseka, Matyas"]
[Result "1-0"]
[ECO "E64"]
[WhiteElo "2234"]
[BlackElo "1959"]
[Annotator "ChessBase"]
[PlyCount "87"]
[EventDate "2020.08.23"]
[EventType "swiss"]
[EventCountry "CZE"]
[SourceTitle "playchess.com"]
[Source "ChessBase"]
[SourceQuality "1"]
[TimeControl "40/5400+30:1800+30"]

1. Nf3 Nf6 2. c4 g6 3. d4 Bg7 4. g3 O-O 5. Bg2 d6 6. Nc3 c5 7. dxc5 dxc5 8. Be3 Qa5 9. Qa4 Qb4 10. Qxb4 cxb4 11. Nb5 Nc6 12. Rd1 Ng4 13. Bc1 a6 14. Nc7 Rb8 15. Nd5 b5 16. c5 Bb7 17. O-O Rfd8 18. e4 e6 19. h3 Nge5 20. Nxe5 Bxe5 21. Bg5 exd5 22. Bxd8 Rxd8 23. exd5 Na5 24. b3 Kf8 25. Rfe1 Bb8 26. Rd4 Ba7 27. Rc1 f5 28. Rxb4 Rc8 29. c6 Bb8 30. Re1 Ba8 31. Rh4 h5 32. Rd4 Rd8 33. Rdd1 Kf7 34. Rc1 Bc7 35. Rc2 Bd6 36. Rce2 Bb4 37. Rc1 Bd6 38. Re6 Bxc6 39. Rxd6 Rxd6 40. dxc6 Rd8 41. Rc5 Ke7 42. c7 Rc8 43. b4 Kd6 44. Rd5+ 1-0

[Event "CZE-ch 2020"]
[Site "Pilsen"]
[Date "2020.08.24"]
[Round "2.2"]
[White "Stalmach, Richard"]
[Black "Babula, Vlastimil"]
[Result "1/2-1/2"]
[ECO "E47"]
[WhiteElo "2273"]
[BlackElo "2571"]
[Annotator "ChessBase"]
[PlyCount "85"]
[EventDate "2020.08.23"]
[EventType "swiss"]
[EventCountry "CZE"]
[SourceTitle "playchess.com"]
[Source "ChessBase"]
[SourceQuality "1"]
[TimeControl "40/5400+30:1800+30"]

1. d4 Nf6 2. c4 e6 3. Nc3 Bb4 4. e3 O-O 5. Bd3 b6 6. Nge2 d5 7. cxd5 exd5 8. a3 Bd6 9. O-O Re8 10. b4 a6 11. f3 c5 12. bxc5 bxc5 13. e4 cxd4 14. Nxd5 Nxd5 15. exd5 Bb7 16. Be4 Be5 17. Nf4 Bxf4 18. Bxf4 Bxd5 19. Qxd4 Bxe4 20. Qxd8 Rxd8 21. fxe4 Nc6 22. Rad1 Nd4 23. Bc7 Ne2+ 24. Kf2 Rxd1 25. Rxd1 Nc3 26. Rd8+ Rxd8 27. Bxd8 Nxe4+ 28. Ke3 Nc5 29. Bb6 Nd7 30. Bc7 f5 31. Kd4 Kf7 32. Kd5 g5 33. a4 f4 34. a5 Nf6+ 35. Kc6 Ke6 36. Kb7 Kd7 37. Bb8 Nd5 38. Kxa6 Kc6 39. h3 Nb4+ 40. Ka7 Kb5 41. Bc7 Nc6+ 42. Kb7 Nxa5+ 43. Bxa5 1/2-1/2

[Event "CZE-ch 2020"]
[Site "Pilsen"]
[Date "2020.08.24"]
[Round "2.5"]
[White "Polak, Tomas"]
[Black "Klement, Lukas"]
[Result "1-0"]
[ECO "E46"]
[WhiteElo "2563"]
[BlackElo "2260"]
[Annotator "ChessBase"]
[PlyCount "75"]
[EventDate "2020.08.23"]
[EventType "swiss"]
[EventCountry "CZE"]
[SourceTitle "playchess.com"]
[Source "ChessBase"]
[SourceQuality "1"]
[TimeControl "40/5400+30:1800+30"]

1. d4 Nf6 2. c4 e6 3. Nc3 Bb4 4. e3 O-O 5. Nge2 Re8 6. a3 Bf8 7. d5 exd5 8. cxd5 d6 9. Nd4 c6 10. dxc6 bxc6 11. Be2 a5 12. O-O Ba6 13. Bxa6 Rxa6 14. Qd3 d5 15. Bd2 c5 16. Nf3 c4 17. Qc2 Nbd7 18. b3 cxb3 19. Qxb3 Nc5 20. Qa2 Nfe4 21. Rad1 Rf6 22. Ne2 Bd6 23. Ng3 Bxg3 24. hxg3 Ree6 25. Be1 Rd6 26. Qb2 g5 27. Ne5 Rfe6 28. f3 Rb6 29. Qc2 Rxe5 30. Bxa5 Qd6 31. Bxb6 Qxb6 32. Rb1 Qd6 33. fxe4 dxe4 34. Qc4 Rd5 35. Rb8+ Kg7 36. Rb6 Qxb6 37. Qxd5 h6 38. Qxf7+ 1-0

[Event "CZE-ch 2020"]
[Site "Pilsen"]
[Date "2020.08.24"]
[Round "2.7"]
[White "Novotny, Michal"]
[Black "Finek, Vaclav"]
[Result "0-1"]
[ECO "A45"]
[WhiteElo "2246"]
[BlackElo "2344"]
[Annotator "ChessBase"]
[PlyCount "80"]
[EventDate "2020.08.23"]
[EventType "swiss"]
[EventCountry "CZE"]
[SourceTitle "playchess.com"]
[Source "ChessBase"]
[SourceQuality "1"]
[TimeControl "40/5400+30:1800+30"]

1. d4 Nf6 2. Nc3 d5 3. Bf4 g6 4. e3 Bg7 5. h4 c5 6. Nb5 Na6 7. c3 Bd7 8. a4 Qb6 9. dxc5 Qxc5 10. Be5 O-O 11. Bd4 Qc8 12. Nxa7 Qb8 13. Nb5 e5 14. Bb6 Be6 15. a5 Nd7 16. h5 Nxb6 17. axb6 Qd8 18. hxg6 hxg6 19. Nf3 Bf6 20. Be2 Qxb6 21. O-O Kg7 22. b4 Rh8 23. Re1 Rh6 24. Kf1 Rh1+ 25. Ng1 Rah8 26. Ra5 Qc6 27. e4 Bd8 28. Ra3 Bb6 29. Qa1 Qe8 30. c4 d4 31. c5 Nxb4 32. cxb6 Nc2 33. Qc1 Nxe1 34. Qxe1 Qe7 35. Rg3 Qh4 36. f3 Qf4 37. Bd3 R8h2 38. Nc7 Bd7 39. Kf2 Qh4 40. Qa5 Rxg2+ 0-1

[Event "CZE-ch 2020"]
[Site "Pilsen"]
[Date "2020.08.24"]
[Round "2.8"]
[White "Sorm, Daniel"]
[Black "Zeman, Matyas"]
[Result "1/2-1/2"]
[ECO "D35"]
[WhiteElo "2343"]
[BlackElo "2250"]
[Annotator "ChessBase"]
[PlyCount "83"]
[EventDate "2020.08.23"]
[EventType "swiss"]
[EventCountry "CZE"]
[SourceTitle "playchess.com"]
[Source "ChessBase"]
[SourceQuality "1"]
[TimeControl "40/5400+30:1800+30"]

1. d4 d5 2. c4 e6 3. Nc3 Nf6 4. cxd5 exd5 5. Bg5 c6 6. e3 Bf5 7. Qf3 Bg6 8. Bxf6 Qxf6 9. Qxf6 gxf6 10. h4 h5 11. Nh3 Nd7 12. Kd2 Nb6 13. b3 Nc8 14. Bd3 Bh6 15. g3 Nd6 16. Nf4 Bxf4 17. gxf4 Bxd3 18. Kxd3 Kd7 19. Rag1 Rag8 20. e4 dxe4+ 21. Nxe4 Nxe4 22. Kxe4 Ke6 23. Re1 Rg4 24. Re2 Rhg8 25. f3 Rg2 26. Rhe1 Rxe2+ 27. Rxe2 Rg1 28. f5+ Kd6 29. Kf4 Kd7 30. Rd2 Kd6 31. Re2 Rg8 32. Rc2 a5 33. a4 Rg1 34. Rb2 Rh1 35. b4 Rxh4+ 36. Ke3 axb4 37. Rxb4 Kc7 38. Rb1 Rh2 39. Rg1 Kd7 40. Rb1 Kc7 41. Rg1 Kd7 42. Ke4 1/2-1/2

[Event "CZE-ch 2020"]
[Site "Pilsen"]
[Date "2020.08.24"]
[Round "2.9"]
[White "Hurdzan, Tomas"]
[Black "Kusa, Jakub"]
[Result "1-0"]
[ECO "E04"]
[WhiteElo "2325"]
[BlackElo "2239"]
[Annotator "ChessBase"]
[PlyCount "83"]
[EventDate "2020.08.23"]
[EventType "swiss"]
[EventCountry "CZE"]
[SourceTitle "playchess.com"]
[Source "ChessBase"]
[SourceQuality "1"]
[TimeControl "40/5400+30:1800+30"]

1. d4 Nf6 2. c4 e6 3. g3 d5 4. Bg2 dxc4 5. Nf3 Bb4+ 6. Bd2 Bxd2+ 7. Nbxd2 c3 8. bxc3 c5 9. O-O O-O 10. Nc4 cxd4 11. cxd4 b5 12. Ne1 Nd5 13. Ne5 Bb7 14. Qb3 a6 15. N1d3 Nd7 16. a4 Nxe5 17. Nxe5 b4 18. Rfc1 Qe7 19. Nc6 Bxc6 20. Rxc6 Rac8 21. Rxa6 Rc3 22. Qb2 Rfc8 23. Be4 f5 24. Bf3 Qd7 25. Re1 b3 26. Ra5 Nb4 27. Rd1 Na2 28. Rb5 Nc1 29. Qa3 Rc2 30. Rb7 R8c7 31. Rb8+ Rc8 32. Rb7 R8c7 33. Rb6 Ra2 34. Qb4 b2 35. a5 Qe7 36. Qb5 Qd7 37. Rb8+ Kf7 38. Qb6 Qe7 39. d5 Nxe2+ 40. Bxe2 Rc1 41. Rb7 b1=Q 42. Qxe6+ 1-0

[Event "CZE-ch 2020"]
[Site "Pilsen"]
[Date "2020.08.24"]
[Round "2.10"]
[White "Mica, Marek"]
[Black "Jurek, Josef"]
[Result "1/2-1/2"]
[ECO "E12"]
[WhiteElo "2315"]
[BlackElo "2234"]
[Annotator "ChessBase"]
[PlyCount "67"]
[EventDate "2020.08.23"]
[EventType "swiss"]
[EventCountry "CZE"]
[SourceTitle "playchess.com"]
[Source "ChessBase"]
[SourceQuality "1"]
[TimeControl "40/5400+30:1800+30"]

1. d4 Nf6 2. c4 e6 3. Nf3 b6 4. a3 Bb7 5. Nc3 d5 6. Bg5 Be7 7. e3 Nbd7 8. cxd5 Nxd5 9. Bxe7 Qxe7 10. Nxd5 exd5 11. Rc1 c6 12. Bd3 O-O 13. Qc2 g6 14. O-O Rfe8 15. Qe2 a5 16. Rfd1 Qd6 17. Ne1 Re7 18. Qf3 Rc8 19. Qg3 Qxg3 20. hxg3 c5 21. dxc5 bxc5 22. b4 axb4 23. axb4 cxb4 24. Rb1 Rc3 25. Rxb4 Nc5 26. Be2 Kg7 27. Bf3 Ne4 28. Nd3 Rc2 29. Rb2 Rxb2 30. Nxb2 Rc7 31. Nd3 Rc2 32. Nb4 Rb2 33. Nd3 Rc2 34. Nb4 1/2-1/2

[Event "CZE-ch 2020"]
[Site "Pilsen"]
[Date "2020.08.24"]
[Round "2.11"]
[White "Kopriva, Martin"]
[Black "Kozusek, Daniel"]
[Result "0-1"]
[ECO "C15"]
[WhiteElo "2079"]
[BlackElo "2307"]
[Annotator "ChessBase"]
[PlyCount "70"]
[EventDate "2020.08.23"]
[EventType "swiss"]
[EventCountry "CZE"]
[SourceTitle "playchess.com"]
[Source "ChessBase"]
[SourceQuality "1"]
[TimeControl "40/5400+30:1800+30"]

1. e4 e6 2. d4 d5 3. Nc3 Bb4 4. Bd2 Ne7 5. Qg4 O-O 6. e5 f5 7. Qh3 c5 8. O-O-O cxd4 9. Nb5 Bxd2+ 10. Rxd2 Ng6 11. Nxd4 Nxe5 12. f4 Ng4 13. Ngf3 Qd6 14. Qh4 Nc6 15. h3 Nf6 16. Nxc6 bxc6 17. Bd3 Rb8 18. Ne5 Ne4 19. Bxe4 fxe4 20. Re1 Ba6 21. c3 Qc7 22. Qg3 Rbd8 23. h4 c5 24. h5 Bb7 25. Qg4 Qe7 26. Rh1 Qf6 27. Ng6 Rfe8 28. Nh4 e3 29. Rd3 d4 30. cxd4 cxd4 31. Qg5 Qxg5 32. fxg5 Be4 33. Ra3 Re7 34. g6 Rc7+ 35. Kd1 Rdc8 0-1

[Event "CZE-ch 2020"]
[Site "Pilsen"]
[Date "2020.08.24"]
[Round "2.12"]
[White "Orsag, Milan"]
[Black "Nytra, Ondrej"]
[Result "1/2-1/2"]
[ECO "A09"]
[WhiteElo "2300"]
[BlackElo "1925"]
[Annotator "ChessBase"]
[PlyCount "40"]
[EventDate "2020.08.23"]
[EventType "swiss"]
[EventCountry "CZE"]
[SourceTitle "playchess.com"]
[Source "ChessBase"]
[SourceQuality "1"]
[TimeControl "40/5400+30:1800+30"]

1. Nf3 d5 2. c4 d4 3. e3 c5 4. b4 Bg4 5. Qa4+ Qd7 6. Qxd7+ Nxd7 7. bxc5 e5 8. Be2 Bxc5 9. Ba3 Ngf6 10. exd4 exd4 11. Bxc5 Nxc5 12. Nxd4 O-O-O 13. Nb3 Bxe2 14. Kxe2 Rhe8+ 15. Kd1 Nd3 16. Rf1 Nb2+ 17. Kc2 Nxc4 18. Nc3 Na3+ 19. Kb2 Nc4+ 20. Kc2 Na3+ 1/2-1/2